AoeStats
← bene

Pilgrims

509950626Analyzed
4v4 RM · 2d ago on Sep 28, 2026· 21m 33s· 8 players
Game mode
Random Map
Map size
Large (8 player)
Population
200
Speed
Normal
Resources
Standard
Victory
Conquest
Starting age
Dark Age
Ending age
Imperial Age
RankedLock teamsTeams togetherTeam positionsShared explorationLock speedFull tech treeHidden civsTurbo modeCheats
Victory
Defeat
🇺🇸 Armenians · United States
1419
+12
🇬🇧 Saxons · United Kingdom
1390
+13
🇦🇷 Spanish · Argentina
1384
+14
🇪🇸 Varangians · Spain
1352
+16
🇩🇪 Magyars · Germany
1368
-15
🇨🇭 Celts · Switzerland
1361
-15
🇩🇪 Saxons · Germany
1310
-13
🇩🇪 Italians · Germany
1291
-12
Enter a Name
7:25 Loom
11:02 Feudal Age
16:27 Castle Age
15:02 Fletching
19:21 Medium Warships
Grimbel
7:32 Loom
10:44 Feudal Age
11:25 Double-Bit Axe
11:32 Gold Mining
17:28 Forging
19:29 Castle Age
19:50 Fishing Lines
20:23 Medium Warships
20:06 Horse Collar
docsparkles
6:23 Loom
11:00 Feudal Age
15:35 Castle Age
14:02 Fletching
14:22 Fishing Lines
14:59 Double-Bit Axe
16:20 Bodkin Arrow
17:37 Wheelbarrow
20:15 Bow Saw
21:27 Hand Cart
elchinaleikazo
7:17 Loom
9:32 Feudal Age
10:50 Double-Bit Axe
12:30 Horse Collar
16:18 Town Watch
19:11 Castle Age
21:13 Wheelbarrow
bene
9:55 Loom
11:41 Feudal Age
12:52 Double-Bit Axe
Birkules
7:29 Loom
10:24 Feudal Age
14:52 Bloodlines
21:12 Castle Age
20:36 Fletching
21:20 Stone Mining
Fabulous_Fabian
9:52 Loom
11:42 Feudal Age
12:16 Horse Collar
15:51 Castle Age
15:13 Double-Bit Axe
18:13 Bloodlines
20:43 Wheelbarrow
rhino
6:58 Loom
12:11 Feudal Age
12:58 Double-Bit Axe
Connection lost

Rejoining the realm…

Still unreachable

The connection could not be restored.

Session expired

The server has moved on; the page needs a fresh start.